 Dungeon Sprint DCSS version 0.31.0-9-g3a7656b989 (webtiles) character file.

Game seed: 258928794557620438

11508 Heoruswealwe the Phalangite (level 11, 0/117 HPs)
             Began as a Minotaur Fighter on Feb 2, 2024.
             Was an Initiate of Gozag.
             Slain by a red devil
             ... wielding a +0 trident
             ... summoned by an orc high priest
              (13 damage)
             ... in the Dungeon (Sprint IX: "|||||||||||||||||||||||||||||").
             The game lasted 00:10:38 (1851 turns).

Heoruswealwe the Phalangite (Minotaur Fighter)      Turns: 1851, Time: 00:10:40

Health: 0/117      AC: 11    Str: 26    XL:     11   Next: 50%
Magic:  7/10       EV:  8    Int:  5    God:    Gozag
Gold:   5903       SH:  0    Dex:  9    Spells: 10/10 levels left

rFire   . . .        b - +2 halberd (venom)
rCold   . . .        (shield currently unavailable)
rNeg    . . .        c - +0 plate armour
rPois   .            (helmet restricted)
rElec   .            (no cloak)
rCorr   .            f - +0 pair of gloves
SInv    .            e - +0 pair of boots
Will    .....        (no amulet) Stlth
                     k - +2 ring of protection
HPRegen 0.39/turn    (no ring)
MPRegen 0.12/turn

%: no teleportation
@: corroded, gold aura
A: horns 2, retaliatory headbutt
a: Renounce Religion, Potion Petition, Call Merchant, Bribe Branch


You were in the Dungeon.
You worshipped Gozag.
Gozag was greatly pleased with you.
You visited 1 branch You collected 5903 gold pieces.

Inventory:

Hand Weapons
 a - a +0 trident
 b - a +2 halberd of venom (weapon)
Armour
 c - a +0 plate armour (worn)
 d - a +0 buckler
 e - a +0 pair of boots (worn)
 f - a +0 pair of gloves (worn)
Jewellery
 k - a +2 ring of protection (left hand)
Wands
 h - a wand of acid (10)
Scrolls
 j - 2 scrolls of blinking
 o - 4 scrolls of enchant armour
 p - 2 scrolls of enchant weapon
 q - a scroll of identify
Potions
 l - 2 potions of might
 n - 2 potions of mutation


   Skills:
 + Level 17.5 Fighting
 * Level 23.5 Polearms
 + Level 17.5 Armour
 - Level 3.6 Shields


You had 10 spell levels left.
You didn't know any spells.
Your spell library contained the following spells:

 Spells                   Type           Power      Damage    Failure   Level
 Borgnjor's Vile Clutch   Necr/Erth      0%         N/A       100%        5
 Death Channel            Necr           0%         N/A       100%        6
 Animate Dead             Necr           Unusable   N/A       N/A         4

Dungeon Overview and Level Annotations

Branches:
Dungeon (1/1)

Altars:
Cheibriados
Dithmenos
Elyvilon
Fedhas
Gozag
Hepliaklqana
Kikubaaqudgha
Makhleb
Nemelex Xobeh
Okawaru
Qazlal
Ru
Sif Muna
Trog
Uskayaw
Vehumet
Wu Jian
Xom
Yredelemnul
Zin
The Shining One
Jiyva
Lugonu

Shops:
D [


Innate Abilities, Weirdness & Mutations

You have a pair of horns on your head.
You reflexively headbutt those who attack you in melee.


Message History

The ynoxinul is distracted by your dazzling golden aura.
You feel better.
The ynoxinul is no longer distracted by gold.
You hit the ynoxinul.
The ynoxinul is lightly wounded.
The orc high priest is no longer distracted by gold.
The orc high priest utters an invocation to Beogh.
The ynoxinul closely misses you.
You barely miss the ynoxinul. You headbutt the ynoxinul.
The ynoxinul is moderately wounded.
You hit the ynoxinul. Your headbutt misses the ynoxinul.
The ynoxinul is moderately wounded.
The red devil is distracted by your dazzling golden aura.
The ynoxinul hits you but does no damage.
The neqoxec gestures at you. Something gnaws on your mind!
* * * LOW HITPOINT WARNING * * *
You feel your power leaking away.
You hit the ynoxinul.
The ynoxinul is poisoned.
You headbutt the ynoxinul, but do no damage.
The ynoxinul is heavily wounded.
The red devil is no longer distracted by gold.
The ynoxinul gestures.
You impale the ynoxinul!!
You kill the ynoxinul!
The ynoxinul disappears in a puff of smoke!
The ufetubus disappears in a puff of smoke!
The orc high priest mumbles some strange prayers.
You hit the orc high priest.
The orc high priest is lightly wounded.
An orc priest comes into view. It is wielding a +0 club.
The orc high priest hits you with a +1 short sword of speed.
* * * LOW HITPOINT WARNING * * *
The orc priest shouts!
You hit the orc high priest but do no damage.
Your headbutt misses the orc high priest.
The orc high priest is lightly wounded.
The red devil hits you from afar with a +0 trident!
You die...
Your body crumbles into a pile of gold.

▓_▓.▓'▓.▓.▓
▓_▓.▓.▓.▓.▓
▓_▓.▓.▓.▓.▓
▓_▓.▓.▓.▓.▓
▓_▓.▓.▓.▓.▓
▓_▓.▓.▓.▓.▓
▓_▓.▓.▓.▓.▓
▓_▓.▓.▓.▓§▓
▓_▓.▓.▓.▓@▓
▓_▓.▓.▓.▓o▓
▓'▓.▓'▓.▓4▓
▓!▓.▓.▓.▓o▓
▓?▓.▓.▓.▓$▓
▓)▓.▓.▓.▓4▓
▓[▓.▓.▓.▓3▓
▓=▓.▓.▓.▓o▓
▓.▓.▓.▓.▓


You could see 2 orc high priests, a neqoxec (summoned), a red devil (summoned),
a chaos spawn (summoned) and an orc priest.

Vanquished Creatures
  A hydra (D)
  A two-headed ogre (D)
  3 orc high priests (D)
  An orc knight (D)
  2 orc sorcerers (D)
  2 ugly things (D)
  An elephant (D)
  A black mamba (D)
  A komodo dragon (D)
  5 cane toads (D)
  A troll (D)
  A tyrant leech (D)
  2 blink frogs (D)
  A slime creature (D)
  A shadow (D)
  2 wyverns (D)
  A wraith (D)
  2 yaks (D)
  3 vampire mosquitoes (D)
  2 acid dragons (D)
  A water moccasin (D)
  8 orc warriors (D)
  An ice beast (D)
  An ogre (D)
  A wolf (D)
  6 bullfrogs (D)
  A scorpion (D)
  A jelly (D)
  7 orc priests (D)
  5 orc wizards (D)
  A gnoll (D)
  6 orcs (D)
  2 goblins (D)
  A kobold (D)
  2 bats (D)
78 creatures vanquished.

Notes
Turn   | Place    | Note
-------+----------+-------------------------------------------
     0 | D        | Heoruswealwe the Minotaur Fighter began the quest for the
                  | Orb.
     0 | D        | Reached XP level 1. HP: 19/19 MP: 0/0
     7 | D        | Reached skill level 3 in Polearms
    22 | D        | Noticed an ice beast
    22 | D        | Noticed an ogre
    22 | D        | Noticed a jelly
    22 | D        | Noticed a scorpion
    25 | D        | Reached skill level 4 in Polearms
    25 | D        | Reached XP level 2. HP: 19/28 MP: 1/1
    36 | D        | Killed an ice beast
    37 | D        | Reached skill level 8 in Polearms
    37 | D        | Reached XP level 3. HP: 23/38 MP: 2/2
    37 | D        | Reached XP level 4. HP: 27/45 MP: 3/3
    39 | D        | Killed an ogre
    40 | D        | Reached skill level 9 in Polearms
    40 | D        | Reached XP level 5. HP: 15/53 MP: 4/4
    42 | D        | Reached skill level 10 in Polearms
    43 | D        | Reached skill level 11 in Polearms
    43 | D        | Reached XP level 6. HP: 14/62 MP: 5/5
    49 | D        | Found a snail-covered altar of Cheibriados.
    49 | D        | Found a shadowy altar of Dithmenos.
    49 | D        | Found a white marble altar of Elyvilon.
    49 | D        | Found a blossoming altar of Fedhas.
    49 | D        | Found an opulent altar of Gozag.
    50 | D        | Found a hazy altar of Hepliaklqana.
    51 | D        | Found a viscous altar of Jiyva.
    52 | D        | Found an ancient bone altar of Kikubaaqudgha.
    53 | D        | Found a corrupted altar of Lugonu.
    54 | D        | Found a burning altar of Makhleb.
    55 | D        | Found a sparkling altar of Nemelex Xobeh.
    56 | D        | Found an iron altar of Okawaru.
    57 | D        | Became a worshipper of Gozag Ym Sagoz the Greedy
    58 | D        | Found a stormy altar of Qazlal.
    59 | D        | Found a sacrificial altar of Ru.
    60 | D        | Found a shimmering blue altar of Sif Muna.
    61 | D        | Found a bloodstained altar of Trog.
    62 | D        | Found a hide-covered altar of Uskayaw.
    63 | D        | Found a radiant altar of Vehumet.
    64 | D        | Found an ornate altar of the Wu Jian Council.
    65 | D        | Found a shimmering altar of Xom.
    66 | D        | Found a basalt altar of Yredelemnul.
    67 | D        | Found a glowing silver altar of Zin.
    68 | D        | Found a glowing golden altar of the Shining One.
   217 | D        | Noticed a vampire mosquito
   217 | D        | Noticed a wraith
   217 | D        | Noticed a troll
   217 | D        | Noticed a two-headed ogre
   217 | D        | Noticed an acid dragon
   226 | D        | Killed a vampire mosquito
   227 | D        | Reached skill level 12 in Polearms
   233 | D        | Killed a wraith
   234 | D        | Reached skill level 13 in Polearms
   234 | D        | Reached XP level 7. HP: 35/71 MP: 6/6
   242 | D        | Killed a two-headed ogre
   243 | D        | Reached skill level 15 in Polearms
   243 | D        | Reached XP level 8. HP: 38/82 MP: 7/7
   246 | D        | Killed a troll
   435 | D        | Noticed a red ugly thing
   435 | D        | Noticed a purple ugly thing
   435 | D        | Noticed a slime creature
   446 | D        | Killed a purple ugly thing
   447 | D        | Reached skill level 16 in Polearms
   452 | D        | Killed a white ugly thing
   453 | D        | Reached skill level 17 in Polearms
   453 | D        | Reached XP level 9. HP: 41/92 MP: 8/8
   464 | D        | Reached skill level 18 in Polearms
   729 | D        | Noticed a cane toad
   729 | D        | Noticed a cane toad
   731 | D        | Noticed a komodo dragon
   735 | D        | Killed a cane toad
   736 | D        | Noticed a cane toad
   745 | D        | Noticed a cane toad
   750 | D        | Killed a cane toad
   752 | D        | Reached skill level 19 in Polearms
   758 | D        | Killed a komodo dragon
   763 | D        | Killed a cane toad
   764 | D        | Reached XP level 10. HP: 31/104 MP: 9/9
   766 | D        | Killed a cane toad
   960 | D        | Noticed an elephant
   960 | D        | Noticed a seven-headed hydra
   964 | D        | Noticed a cane toad
   965 | D        | Killed an elephant
   966 | D        | Reached skill level 20 in Polearms
   969 | D        | Killed a ten-headed hydra
   970 | D        | Reached skill level 15 in Fighting
   970 | D        | Reached skill level 15 in Armour
   972 | D        | Noticed a black mamba
  1046 | D        | Killed a cane toad
  1047 | D        | Reached skill level 21 in Polearms
  1050 | D        | Killed a black mamba
  1277 | D        | Reached XP level 11. HP: 112/114 MP: 10/10
  1428 | D        | Noticed an orc knight
  1430 | D        | Noticed an orc sorcerer
  1438 | D        | Killed an orc knight
  1439 | D        | Reached skill level 22 in Polearms
  1449 | D        | Paralysed by an orc sorcerer for 2 turns
  1454 | D        | Killed an orc sorcerer
  1472 | D        | Noticed an orc sorcerer
  1490 | D        | Killed an orc sorcerer
  1800 | D        | Found Iweec Gurhug's Antique Armour Emporium.
  1800 | D        | Noticed an orc high priest
  1800 | D        | Noticed an orc high priest
  1800 | D        | Noticed an orc high priest
  1801 | D        | Noticed an orc high priest
  1807 | D        | Noticed an orc high priest
  1816 | D        | Killed an orc high priest
  1817 | D        | Reached skill level 23 in Polearms
  1837 | D        | Noticed a sun demon
  1837 | D        | Killed an orc high priest
  1843 | D        | Killed an orc high priest
  1851 | D        | Slain by a red devil

Illustrated notes

Levels and vault maps discovered:
D:        linesprint [early_d, line_temple, items_1, d_10, items_2, lair_1,
          lair_end, items_3, orc_1, orc_end, items_4, d_15, swamp_1, shoals_1,
          snake_1, spider_1, d_20, vaults_1, items_5, swamp_end, shoals_end,
          snake_end, spider_end, vaults_end, d_27, items_6, zot_1, zot_end,
          crypt_end, forest_end, elf_end, slime_end, tomb_end, abyss_end,
          pan_hell_end]

Skill      XL: |  1  2  3  4  5  6  7  8  9 10 11 |
---------------+----------------------------------+-----
Polearms       | 4 8 9 11 13 15 17 19 21 23 | 23.5
Fighting       | 4 6 7 8 9 11 12 14 16 17 | 17.5
Armour         | 4 6 7 8 9 11 12 14 16 17 | 17.5
Shields        | |  3.6

Action                     |  1- 3 |  4- 6 |  7- 9 | 10-12 || total
---------------------------+-------+-------+-------+-------++-------
  Melee: Trident           |    20 |     6 |       |       ||    26
         Headbutt          |     2 |     6 |    15 |    27 ||    50
         Halberd           |       |    16 |    72 |   163 ||   251
    Use: Potion            |     3 |       |     3 |     8 ||    14
   Stab: Distracted        |       |       |       |     2 ||     2
 Armour: Scale mail        |    13 |     1 |       |       ||    14
         Plate armour      |       |    16 |    47 |    95 ||   158
  Dodge: Dodged            |    10 |     5 |     8 |    35 ||    58
  Block: Buckler           |     3 |       |       |       ||     3
